 Seeded DCSS version 0.31-a0-331-geda263fcf1 (webtiles) character file.

Game seed: 16987456011248572002 (custom seed)

347 bmack86 the Cleaver (level 6, -1/51 HPs)
             Began as a Minotaur Fighter on July 20, 2023.
             Slain by a bullfrog (3 damage)
             ... on level 6 of the Dungeon.
             The game lasted 00:05:17 (1312 turns).

bmack86 the Cleaver (Minotaur Fighter)              Turns: 1312, Time: 00:05:17

Health: -1/51      AC:  7    Str: 22    XL:     6   Next: 32%
Magic:  5/5        EV:  6    Int:  5    God:
Gold:   97         SH:  4    Dex: 10    Spells: 5/5 levels left

rFire   . . .        a - +0 war axe
rCold   . . .        c - +0 buckler
rNeg    . . .        k - +0 plate armour
rPois   .            (helmet restricted)
rElec   .            (no cloak)
rCorr   .            (no gloves)
SInv    .            (no boots)
Will    .....        (no amulet) Stlth
                     (no ring)
HPRegen 0.28/turn    (no ring)
MPRegen 0.09/turn

%: no passive effects
@: mighty, lethally poisoned (-1 -> -15), corroded
A: horns 2, retaliatory headbutt
a: no special abilities


You were on level 6 of the Dungeon.
You visited 1 branch of the dungeon, and saw 6 of its levels.

You collected 97 gold pieces.

Inventory:

Hand Weapons
 a - a +0 war axe (weapon)
Missiles
 j - 6 boomerangs (quivered)
Armour
 b - a +0 scale mail
 c - a +0 buckler (worn)
 k - a +0 plate armour (worn)
Scrolls
 e - a scroll of fear {unknown}
 h - a scroll of brand weapon {unknown}
 i - a scroll of identify {unknown}
 l - a scroll of teleportation {unknown}
 m - a scroll of blinking {unknown}
Potions
 f - a potion of lignification {unknown}
 g - 2 potions of magic {unknown}
 n - a potion of resistance {unknown}


   Skills:
 - Level 3.6 Fighting
 + Level 8.2 Axes
 - Level 3.6 Armour
 - Level 3.6 Shields


You had 5 spell levels left.
You didn't know any spells.
Your spell library contained the following spells:

 Spells                   Type           Power      Damage    Failure   Level
 Inner Flame              Hex/Fire       0%         N/A       100%        3
 Animate Dead             Necr           0%         N/A       100%        4
 Flame Wave               Conj/Fire      0%         2d4       100%        4
 Sticky Flame             Conj/Fire      0%         2d3       100%        4
 Haunt                    Necr/Summ      0%         N/A       100%        7
 Infestation              Necr           0%         N/A       100%        8


Dungeon Overview and Level Annotations

Branches:
Dungeon (6/15)
 Temple: D:4-7

Altars:
Cheibriados
Elyvilon
Vehumet

Annotations:
D:6 1 runed translucent door


Innate Abilities, Weirdness & Mutations

You have a pair of horns on your head.
You reflexively headbutt those who attack you in melee.


Message History

The orc hits you but does no damage.
You feel very mighty all of a sudden.
The hound bites you but does no damage. x2
An orc comes into view. It is wielding a +0 flail.
The orc hits you but does no damage.
The orc shouts!
You slice the orc!!
You kill the orc!
You closely miss the hound. You slash the orc warrior!
The hound bites you but does no damage.
The orc warrior hits you with a +2 short sword of venom.
You are poisoned.
You barely miss the bullfrog. You hit the orc warrior.
You closely miss the hound.
You feel very sick. The hound bites you. The bullfrog hits you.
The hound bites you but does no damage. The orc warrior closely misses you.
You furiously retaliate!
You headbutt the orc warrior! You slice the bullfrog!!
The bullfrog is severely wounded.
You closely miss the orc warrior. You closely miss the hound.
You feel very sick. You block the bullfrog's attack.
The hound bites you but does no damage.
The bullfrog hits you but does no damage.
The orc warrior hits you with a +2 short sword of venom.
You are lethally poisoned!
The hound barely misses you.
You closely miss the bullfrog. You headbutt the bullfrog.
The bullfrog is almost dead.
You slash the orc warrior!
You kill the orc warrior!
You hit the jelly. The acid corrodes you!
Your hands burn!
* * * LOW HITPOINT WARNING * * *
You slash the hound!
* * * LOW HITPOINT WARNING * * *
You feel very sick. The bullfrog hits you.
* * * LOW HITPOINT WARNING * * *
The hound bites you but does no damage. The bullfrog hits you.
You die...

#..... ....
#$.... :#.#+##
#...#. .)......#
#..... ..##..#.#
#.#!_.#o##...#.#
#.......##.#.#.#
#...#JF)...#...#
#....h@.#...<..##
######.##.....>.#
#
#.##.##.#####+##
#...............
####....#.#.....
#...#.#... ...
#.###.#.### #
###.....#.#
#.....###.#


You could see a bullfrog, a hound, a jelly and an orc.

Vanquished Creatures
  An orc warrior (D:6)
  3 scorpions
  2 iguanas (D:4)
  Jessica (D:3)
  2 adders
  A gnoll (D:1)
  7 orcs
  4 endoplasms
  5 goblins
  5 hobgoblins
  2 jackals (D:3)
  6 kobolds
  3 quokkas (D:1)
  3 ball pythons (D:1)
  5 bats (D:1)
  3 frilled lizards (D:1)
  6 rats
59 creatures vanquished.

Notes
Turn   | Place    | Note
-------+----------+-------------------------------------------
     0 | D:1      | bmack86 the Minotaur Fighter began the quest for the Orb.
     0 | D:1      | Reached XP level 1. HP: 19/19 MP: 0/0
    38 | D:1      | Reached skill level 3 in Axes
    75 | D:1      | Reached XP level 2. HP: 25/26 MP: 1/1
   223 | D:1      | Reached skill level 4 in Axes
   364 | D:1      | Reached XP level 3. HP: 31/31 MP: 2/2
   619 | D:3      | Found a snail-covered altar of Cheibriados.
   661 | D:3      | Found a white marble altar of Elyvilon.
   796 | D:3      | Noticed Jessica
   797 | D:3      | Killed Jessica
   798 | D:3      | Reached skill level 5 in Axes
   798 | D:3      | Reached XP level 4. HP: 39/39 MP: 3/3
   821 | D:4      | Noticed a scorpion
   829 | D:4      | Noticed a scorpion
   841 | D:3      | Killed a scorpion
   842 | D:3      | Reached skill level 6 in Axes
   842 | D:3      | Reached XP level 5. HP: 35/45 MP: 4/4
   884 | D:3      | Reached skill level 7 in Axes
  1123 | D:4      | Reached XP level 6. HP: 40/51 MP: 5/5
  1193 | D:5      | Entered Level 5 of the Dungeon
  1257 | D:5      | Reached skill level 8 in Axes
  1272 | D:6      | Found a runed translucent door.
  1296 | D:6      | Found a radiant altar of Vehumet.
  1304 | D:6      | Noticed an orc warrior
  1312 | D:6      | Killed an orc warrior
  1312 | D:6      | HP: 2/51 [bullfrog (6)]
  1312 | D:6      | Slain by a bullfrog

Illustrated notes

Levels and vault maps discovered:
D:1:      co_arrival_square_in_a_square_in_a_square, layout_basic
D:2:      layout_basic, dreamdust_ecumenical_altar_hidden_monk_grotto,
          minmay_vboxes, uniq_robin, uniq_sigmund, uniq_crazy_yiuf_cottage
D:3:      kb_forest_paths, layout_basic, nicolae_uskayaw_en_pointe,
          mainiacjoe_overflow_alcove_2, cheibriados_altar_1, serial_shops,
          nicolae_shop_tiny_glass, minivault_5, uniq_jessica
D:4:      layout_rooms, nicolae_wu_jian_immortal_techniques,
          minmay_tree_intersection
D:5:      layout_basic, lemuel_coloured_pillars_altar, lightli_temple_of_fire,
          minmay_fountain_box, lightli_corner_chamber
D:6:      layout_basic, vehumet_altar_wand_db, minmay_temple_entry_overgrown,
          ebering_ghost_xom

Skill      XL: |  1  2  3  4  5  6 |
---------------+-------------------+-----
Axes           | 3 4 5 6 7 8 |  8.2
Fighting       | |  3.6
Armour         | |  3.6
Shields        | |  3.6

Action                     |  1- 3 |  4- 6 || total
---------------------------+-------+-------++-------
  Melee: War axe           |    58 |    53 ||   111
         Headbutt          |     5 |     7 ||    12
    Use: Potion            |       |     1 ||     1
 Armour: Scale mail        |    24 |       ||    24
         Plate armour      |     7 |    43 ||    50
  Dodge: Dodged            |    31 |    20 ||    51
  Block: Buckler           |    17 |    16 ||    33

Table legend: (Time is in decaauts)
 A = Elapsed time spent in this place.
 B = Non-inter-level travel time spent in this place.
 C = Inter-level travel time spent in this place.
 D = Time resting spent in this place.
 E = Time spent auto-exploring this place.
 F = Levels seen in this place.
 G = Mean time per level.
                   A        B        C        D        E       F      G
               +--------+--------+--------+--------+--------+-----+--------+
         Total |   1344 |   1344 |      0 |    231 |    412 |   6 |  224.0 |
       Dungeon |   1344 |   1344 |      0 |    231 |    412 |   6 |  224.0 |
               +--------+--------+--------+--------+--------+-----+--------+

Top non-repeatable levels by time:
     D:1: 632 daAuts
     D:3: 372 daAuts
     D:4: 215 daAuts
     D:5: 76 daAuts
     D:6: 44 daAuts
     D:2: 2 daAuts
